 Dungeon Crawl Stone Soup version 0.31-a0-986-g5e6e4ef867 (webtiles) character file.

Game seed: 7888164974691810860

17 LeprechaunX the Changeling (level 2, -1/18 HPs)
             Began as an Octopode Shapeshifter on Nov 20, 2023.
             Constricted to death by Ijyb (4 damage)
             ... on level 2 of the Dungeon.
             The game lasted 00:00:46 (751 turns).

LeprechaunX the Changeling (Octopode Shapeshifter)   Turns: 751, Time: 00:00:47

Health: -1/18      AC:  1    Str: 13    XL:     2   Next: 62%
Magic:  2/2        EV: 10    Int: 12    God:
Gold:   49         SH:  0    Dex: 11    Spells: 1/1 levels left

rFire   . .          .
                       - Unarmed
rCold   . . .        (no shield)
rNeg    . . .        (helmet currently unavailable)
rPois   .            (no amulet)
rElec   .            (no ring)
rCorr   .            (no ring)
SInv    .            (no ring)
Will    .....        (no ring)
Stlth   ++           (no ring)
HPRegen 0.23/turn    (no ring)
MPRegen 0.08/turn    (no ring)
                     (no ring)

%: no passive effects
@: beast-form, grasped by roots, constricted
A: beast (slay +1), almost no armour, amphibious, 8 rings, camouflage 1,
gelatinous body 1, (nimble swimmer 1), tentacles
a: Begin Untransformation


You were on level 2 of the Dungeon.
You were a hulking beast.
You visited 1 branch of the dungeon, and saw 2 of its levels.

You collected 49 gold pieces.

Inventory:

Hand Weapons
 a - a +0 sling
Missiles
 e - a throwing net
Jewellery
 j - a ring of wizardry
Talismans
 b - a beast talisman
 c - a flux talisman
Scrolls
 d - a scroll of teleportation {unknown}
 h - a scroll of silence {unknown}
Potions
 f - a potion of curing {unknown}
 g - a potion of lignification
 i - a potion of enlightenment {unknown}


   Skills:
 + Level 1.4 Fighting
 - Level 2.0 Dodging
 + Level 3.2 Unarmed Combat
 * Level 3.4 Shapeshifting


You had one spell level left.
You didn't know any spells.
Your spell library was empty.

Dungeon Overview and Level Annotations

Branches:
Dungeon (2/15)

Altars:

Annotations:
D:2 Ijyb


Innate Abilities, Weirdness & Mutations

You are a hulking beast.
Your limbs bulge with bestial killing power. (Slay +1)
You cannot wear most types of armour.
You are amphibious.
You can wear up to eight rings at the same time.
Your skin changes colour to match your surroundings (Stealth+).
Your rubbery body absorbs attacks. (AC +1, EV +1)
((You are camouflaged when in or above water. (Stealth+)))
You have tentacles for arms and can constrict up to eight enemies at once.


Message History

There is an open door here.
j - a ring of wizardry No target in view!
No target in view!
No target in view!
You open the door.
There is an open door here.
Found a ring mail. 2 goblins come into view.
The goblin shouts!
You hear a shout!
A goblin comes into view. It is wielding a +0 dagger. x3
The goblin moves out of view.
You hear a shout!
There are monsters nearby!
There are monsters nearby!
There are monsters nearby!
A goblin and Ijyb come into view.
Ijyb is wielding a +4 dagger of venom and carrying a wand of roots.
The goblin shouts!
Ijyb shouts!
You see here a +0 ring mail.
The goblin shouts!
You swing at nothing.
You swing at nothing.
Ijyb zaps a wand.
The roots erupt in riotous growth!
The goblin is unaffected.
The grasping roots grab you! The grasping roots constrict you!
You hear a shout!
You tentacle-slap the goblin. You grab the goblin.
You tentacle-slap the goblin.
You kill the goblin!
You swing at nothing.
The grasping roots constrict you.
Unknown command.
The roots grasp on you weakens, but your attempt to escape fails.
The grasping roots constrict you.
* * * LOW HITPOINT WARNING * * *
The grasping roots release their grip on you.
Ijyb zaps a wand.
The roots erupt in riotous growth!
The grasping roots grab you! The grasping roots constrict you.
You die...

#....... #....... ###..<.>.. ###
..........## #.. #######..... #.#
##.### #.# #.# # # #.# ##+## .#
##. #h# ##...## #.###.## #.####
##.[...# ##.#...## #g##.##
##.......
#......g########g....####........
..........g.gg.g........'........
........##########...####........
.....[.## ##..# ##.......
....8### ##.# ##.....# ...g. #.#
##...##


You could see Ijyb and 2 goblins.

Vanquished Creatures
  An endoplasm (D:1)
  A giant cockroach (D:1)
  2 goblins
  A hobgoblin (D:1)
  4 kobolds (D:1)
  2 quokkas (D:1)
  2 ball pythons (D:1)
  2 bats (D:1)
  A frilled lizard (D:1)
16 creatures vanquished.

Notes
Turn   | Place    | Note
-------+----------+-------------------------------------------
     0 | D:1      | LeprechaunX the Octopode Shapeshifter began the quest for
                  | the Orb.
     0 | D:1      | Reached XP level 1. HP: 13/13 MP: 1/1
   142 | D:1      | Reached XP level 2. HP: 18/18 MP: 2/2
   730 | D:2      | Noticed Ijyb
   751 | D:2      | Constricted to death by Ijyb

Illustrated notes

Levels and vault maps discovered:
D:1:      minmay_arrival_arboretum_large, layout_loops_ring
D:2:      kennysheep_the_goblin_king, layout_loops_corners

Action                     || total
---------------------------++-------
  Melee: Unarmed           ||    26
         Constrict         ||     5
         Tentacles         ||     1
         Punch             ||     1
   Stab: Sleeping          ||     3
 Armour: Skin              ||     8
  Dodge: Dodged            ||    15

Table legend: (Time is in decaauts)
 A = Elapsed time spent in this place.
 B = Non-inter-level travel time spent in this place.
 C = Inter-level travel time spent in this place.
 D = Time resting spent in this place.
 E = Time spent auto-exploring this place.
 F = Levels seen in this place.
 G = Mean time per level.
                   A        B        C        D        E       F      G
               +--------+--------+--------+--------+--------+-----+--------+
         Total |    749 |    722 |     27 |      0 |    607 |   2 |  374.5 |
       Dungeon |    749 |    722 |     27 |      0 |    607 |   2 |  374.5 |
               +--------+--------+--------+--------+--------+-----+--------+

Top non-repeatable levels by time:
     D:1: 659 daAuts
     D:2: 89 daAuts
